 Dungeon Crawl Stone Soup version 0.25-b1-38-g32f9adbbe0 (webtiles) character file.

Game seed: 1953042997177108419

9933 Masnef the Frost Mage (level 11, -1/83 HPs)
             Began as a Barachi Ice Elementalist on June 7, 2020.
             Was a High Priest of Cheibriados.
             Slain by a cyclops (26 damage)
             ... on level 11 of the Dungeon.
             The game lasted 00:40:41 (12408 turns).

Masnef the Frost Mage (Barachi Ice Elementalist)   Turns: 12408, Time: 00:40:41

Health: -1/83      AC: 10    Str: 20    XL:     11   Next: 54%
Magic:  12/25      EV: 18    Int: 30    God:    Cheibriados [*****.]
Gold:   572        SH:  0    Dex: 24    Spells: 5/17 levels left

rFire    + . .     SeeInvis .   D - +10 whip of Integrity {vorpal, *Rage rF+ Stlth+}
rCold    . . .     Gourm    .   (no shield)
rNeg     . . .     Faith    .   h - +2 robe {MR+}
rPois    .         Spirit   .   Q - +1 hat
rElec    .         Reflect  .   k - +0 cloak
rCorr    .         Harm     .   (no gloves)
MR       +....     Rnd*Rage +   (no boots)
Stlth    ++++......             Z - amulet of magic regeneration
HPRegen  0.23/turn              m - +4 ring of protection
MPRegen  0.44/turn              V - ring of magical power

@: lethally poisoned (-1 -> -1), very slow
A: +LOS, swims, slowness 1, strong legs 1
a: Hop, Bend Time, Temporal Distortion, Slouch, Step From Time, Renounce
Religion


You were on level 11 of the Dungeon.
You worshipped Cheibriados.
Cheibriados was extremely pleased with you.
You were not hungry.

You visited 2 branches of the dungeon, and saw 12 of its levels.

You collected 667 gold pieces.
You spent 95 gold pieces at shops.

Inventory:

Hand Weapons
 f - a +1 scimitar of flaming
 t - a +1 vorpal war axe
 x - a +2 dagger of flaming
 D - the +10 whip of Integrity (weapon) {vorpal, *Rage rF+ Stlth+}
   (You found it on level 5 of the Dungeon)

   It inflicts extra damage upon your enemies.
   It protects you from fire.
   It may make you go berserk in combat.
   It makes you more stealthy.
 M - a +4 falchion
Missiles
 d - 285 stones (quivered)
 r - 82 sling bullets
Armour
 a - a +0 robe
 h - a +2 robe of magic resistance (worn)
 k - a +0 cloak (worn)
 s - a +0 robe of positive energy
 y - a +0 leather armour
 B - a +0 helmet
 P - a +0 robe
 Q - a +1 hat (worn)
Jewellery
 l - an uncursed amulet of reflection
 m - a +4 ring of protection (left hand)
 q - an uncursed amulet of the acrobat
 v - a +6 ring of intelligence
 V - a ring of magical power (right hand)
 Z - an amulet of magic regeneration (around neck)
Wands
 b - a wand of iceblast (20)
 A - a wand of acid (18)
 U - a wand of enslavement (6)
Scrolls
 e - 2 scrolls of identify
 g - 6 scrolls of amnesia
 j - 5 scrolls of remove curse
 n - 6 scrolls of teleportation
 o - 5 scrolls of fear
 w - a scroll of noise
 C - a scroll of enchant armour {unknown}
 F - a scroll of holy word {unknown}
 L - a scroll of silence {unknown}
 R - a scroll of fog {unknown}
 S - 2 scrolls of magic mapping
 T - a scroll of immolation {unknown}
 W - a scroll of random uselessness {unknown}
 X - a scroll of enchant weapon {unknown}
Potions
 i - 3 potions of lignification
 u - a potion of stabbing
 z - 2 potions of brilliance
 E - a potion of resistance
 G - 4 potions of invisibility
 H - 3 potions of curing
 I - 3 potions of degeneration
 J - 3 potions of heal wounds
 K - a potion of might
 N - 2 potions of ambrosia
 O - a potion of haste
 Y - a potion of flight {unknown}
Comestibles
 c - 24 rations


   Skills:
 * Level 6.8 Fighting
 - Level 1.0 Long Blades
 - Level 2.7(3.3) Axes
 - Level 2.7(3.3) Maces & Flails
 - Level 2.0 Armour
 * Level 6.5 Dodging
 - Level 5.0 Stealth
 * Level 3.7 Spellcasting
 - Level 3.0 Conjurations
 - Level 3.0 Summonings
 * Level 14.7 Ice Magic
 * Level 5.0 Invocations


You had 5 spell levels left.
You knew the following spells:

 Your Spells              Type           Power        Failure   Level  Hunger
a - Freeze                Ice            ####         0%          1    None
b - Frozen Ramparts       Ice            ######       1%          3    ##.....
c - Summon Ice Beast      Ice/Summ       ######..     1%          4    ####...
d - Hailstorm             Conj/Ice       ######..     1%          4    ####...

Your spell library contained the following spells:

 Spells                   Type           Power        Failure   Level  Hunger
 Magic Dart               Conj           ###.         1%          1    None
 Ozocubu's Armour         Chrm/Ice       #####...     1%          3    ##.....
 Call Imp                 Summ           ###.....     3%          2    None
 Blink                    Tloc           N/A          10%         2    None
 Slow                     Hex            #.......     10%         2    None
 Conjure Flame            Conj/Fire      ##......     11%         3    ##.....
 Mephitic Cloud           Conj/Pois/Air  ##......     13%         3    ##.....


Dungeon Overview and Level Annotations

Branches:
Dungeon (11/15)            Temple (1/1) D:4            Lair (0/6) D:9
    Orc (0/2) D:9

Altars:
Ashenzari
Cheibriados
Dithmenos
Fedhas
Gozag
Hepliaklqana
Kikubaaqudgha
Makhleb
Nemelex Xobeh
Okawaru
Qazlal
Ru
Sif Muna
Trog
Uskayaw
Vehumet
Wu Jian
Xom
Zin
The Shining One

Shops:
D:6 *   D:9 *


Innate Abilities, Weirdness & Mutations

You can be seen from farther away. (+LOS)
You can swim through water.
You cover ground slowly.
You can hop short distances.


Message History

Confirm with . or Enter, or press ? or * to list all spells.
You can't see any susceptible monsters within range! (Use Z to cast anyway.)
Casting: Summon Ice Beast (dangerous; 1% risk of failure)
Confirm with . or Enter, or press ? or * to list all spells.
Okay, then.
The cyclops throws a large rock.
The large rock hits you!
Items here: ( )) [ †† You feel sick.
The cyclops throws a large rock.
The large rock hits you!!
The cyclops throws a large rock.
The large rock barely misses you. The large rock hits your ice beast!!
Found a falchion.
You see here a large rock.
Casting: Summon Ice Beast (dangerous; 1% risk of failure)
Confirm with . or Enter, or press ? or * to list all spells.
A cannonade of hail descends around you!
The hail pelts the cyclops!!
The cyclops is moderately wounded.
A manticore comes into view.
You feel sick. The cyclops hits you!!
You die...

.. ...
...#######
.........#
.........#######
...............#
#......).....#
.)#.....Y[†)...#
$.'....C@((<...#
###.....Y.)....#
...............#
!..########....#
.. #....+ .
#....# #....#
#....# #....#


You could see a cyclops and 2 friendly ice beasts.

Vanquished Creatures
  Snorg (D:10)
  Erica (D:10)
  A two-headed ogre (D:10)
  Pikel (D:5)
  A troll (D:10)
  A spriggan (D:8)
  The ghost of Leslie the Chopper, an amateur MiBe of Trog (D:4)
  8 yaks
  A hungry ghost (D:9)
  A soldier ant (D:10)
  Duvessa (D:7)
  A water moccasin (D:5)
  3 ice beasts
  9 orc warriors
  A phantom (D:8)
  3 ogres
  2 sky beasts
  2 centaurs
  5 bullfrogs
  3 scorpions
  7 killer bees
  4 wights (D:8)
  A howler monkey (D:8)
  5 jellies
  A bullfrog skeleton (D:6)
  5 orc priests
  2 centaur skeletons
  13 orc wizards
  3 iguanas
  6 worker ants
  A killer bee zombie (D:7)
  A hound zombie (D:6)
  7 adders
  4 gnolls (D:2)
  3 shadow imps
  An ooze (D:1)
  An adder skeleton (D:4)
  5 worms
  2 dart slugs
  4 leopard geckos
  36 orcs
  3 ball pythons
  8 bats
  A giant cockroach (D:8)
  4 hobgoblins
  6 jackals
  2 quokkas
  2 frilled lizards
  A giant cockroach zombie (D:5)
  6 goblins
  10 kobolds
  3 rats
205 creatures vanquished.

Vanquished Creatures (collateral kills)
  Gastronok (D:8)
  A troll (D:10)
  Dowan (D:7)
  A quasit (D:10)
  An orc priest (D:7)
  An orc wizard (D:7)
  A worker ant zombie (D:10)
  3 orcs
10 creatures vanquished.

Vanquished Creatures (others)
  2 orc wizards (D:5)
  A hound skeleton (D:5)
  2 orcs (D:5)
  A ball python (D:5)
6 creatures vanquished.

Grand Total: 221 creatures vanquished

Notes
Turn   | Place    | Note
-------+----------+-------------------------------------------
     0 | D:1      | Masnef the Barachi Ice Elementalist began the quest for the
                  | Orb.
     0 | D:1      | Reached XP level 1. HP: 13/13 MP: 3/3
    81 | D:1      | Reached skill level 5 in Ice Magic
   267 | D:1      | Reached XP level 2. HP: 19/19 MP: 5/5
   881 | D:1      | Reached XP level 3. HP: 13/24 MP: 3/6
   886 | D:1      | Learned a level 3 spell: Frozen Ramparts
  1225 | D:1      | Reached skill level 6 in Ice Magic
  1304 | D:2      | Found a sacrificial altar of Ru.
  1304 | D:2      | Noticed a bullfrog
  1313 | D:2      | Killed a bullfrog
  1313 | D:2      | Reached skill level 7 in Ice Magic
  1313 | D:2      | Reached XP level 4. HP: 20/30 MP: 5/7
  1559 | D:2      | Reached XP level 5. HP: 35/35 MP: 4/8
  1821 | D:2      | Found a stormy altar of Qazlal.
  1823 | D:2      | Noticed an air elemental
  1852 | D:2      | Found an opulent altar of Gozag.
  1889 | D:2      | Noticed a fire elemental
  1890 | D:2      | Noticed a water elemental
  1911 | D:2      | Reached skill level 1 in Long Blades
  1911 | D:2      | Reached skill level 8 in Ice Magic
  2467 | D:3      | Learned a level 4 spell: Summon Ice Beast
  2478 | D:3      | Reached XP level 6. HP: 31/41 MP: 5/9
  2719 | D:3      | Found a hazy altar of Hepliaklqana.
  3157 | D:3      | Found a blossoming altar of Fedhas.
  3195 | D:3      | Reached skill level 1 in Axes
  3645 | D:3      | Found a shadowy altar of Dithmenos.
  3647 | D:3      | Found a hide-covered altar of Uskayaw.
  3647 | D:3      | Found a shimmering altar of Xom.
  3648 | D:3      | Found an opulent altar of Gozag.
  3648 | D:3      | Found a stormy altar of Qazlal.
  3648 | D:3      | Found a shimmering altar of Xom.
  3661 | D:3      | Reached skill level 1 in Fighting
  3661 | D:3      | Reached skill level 1 in Summonings
  3893 | D:4      | Found a staircase to the Ecumenical Temple.
  3905 | Temple   | Entered the Ecumenical Temple
  4050 | Temple   | Became a worshipper of Cheibriados the Contemplative
  4322 | D:4      | Reached XP level 7. HP: 49/49 MP: 4/10
  4460 | D:4      | Found a runed translucent door.
  4460 | D:4      | Noticed Leslie's ghost (amateur MiBe)
  4465 | D:4      | Killed Leslie's ghost
  4465 | D:4      | Reached skill level 9 in Ice Magic
  5036 | D:5      | Entered Level 5 of the Dungeon
  5124 | D:5      | Noticed Pikel
  5141 | D:5      | Killed Pikel
  5141 | D:5      | Reached * piety under Cheibriados
  5141 | D:5      | Reached skill level 1 in Invocations
  5141 | D:5      | Reached XP level 8. HP: 58/58 MP: 4/11
  5223 | D:5      | Found a burning altar of Makhleb.
  5229 | D:5      | Got a polished whip
  5230 | D:5      | Identified the +10 whip of Integrity {vorpal, *Rage rF+
                  | Stlth+} (You found it on level 5 of the Dungeon)
  5581 | D:5      | Reached skill level 1 in Maces & Flails
  5581 | D:5      | Reached skill level 10 in Ice Magic
  6336 | D:6      | Found a radiant altar of Vehumet.
  6343 | D:6      | Reached XP level 9. HP: 60/65 MP: 12/12
  6391 | D:6      | Found Upoed's Assorted Antiques.
  6402 | D:6      | Bought a lumpy pink potion for 23 gold pieces
  6402 | D:6      | Bought a fizzy blue potion for 23 gold pieces
  6402 | D:6      | Bought an orange potion for 23 gold pieces
  6402 | D:6      | Bought a scroll labeled CUUWNUUTHE for 26 gold pieces
  6458 | D:6      | Found a hide-covered altar of Uskayaw.
  6900 | D:7      | Learned a level 4 spell: Hailstorm
  7081 | D:7      | Noticed Duvessa
  7081 | D:7      | Noticed Dowan
  7091 | D:7      | Killed Duvessa
  7091 | D:7      | Reached ** piety under Cheibriados
  7091 | D:7      | Reached skill level 1 in Conjurations
  7095 | D:7      | Killed Dowan
  7705 | D:7      | Found a sparkling altar of Nemelex Xobeh.
  8096 | D:8      | Found an ancient bone altar of Kikubaaqudgha.
  8206 | D:8      | Reached skill level 11 in Ice Magic
  8289 | D:8      | Noticed Gastronok
  8309 | D:8      | Killed Gastronok
  8309 | D:8      | Reached skill level 5 in Fighting
  8309 | D:8      | Reached skill level 5 in Dodging
  8309 | D:8      | Reached skill level 12 in Ice Magic
  8309 | D:8      | Reached XP level 10. HP: 37/74 MP: 1/14
  8728 | D:8      | Found a glowing silver altar of Zin.
  8729 | D:8      | Noticed an angel
  8731 | D:8      | Found a shimmering altar of Xom.
  8850 | D:8      | Found a glowing golden altar of the Shining One.
  8896 | D:8      | Found a shadowy altar of Dithmenos.
  9237 | D:9      | Found Yneetau's Mass Market.
  9240 | D:9      | Reached *** piety under Cheibriados
  9462 | D:9      | Found a staircase to the Lair.
  9638 | D:9      | Reached skill level 13 in Ice Magic
  9861 | D:9      | Reached **** piety under Cheibriados
  9994 | D:9      | Found a staircase to the Orcish Mines.
 10304 | D:10     | Entered Level 10 of the Dungeon
 10475 | D:10     | Reached skill level 5 in Stealth
 10475 | D:10     | Reached XP level 11. HP: 74/81 MP: 15/15
 10679 | D:10     | Noticed Snorg
 10687 | D:10     | Killed Snorg
 10687 | D:10     | Reached skill level 14 in Ice Magic
 10999 | D:10     | Noticed Erica
 11032 | D:10     | Killed Erica
 11428 | D:10     | Found a sacrificial altar of Ru.
 11434 | D:10     | Noticed a two-headed ogre
 11502 | D:10     | Killed a two-headed ogre
 11574 | D:10     | Reached ***** piety under Cheibriados
 11821 | D:10     | Found a shadowy altar of Dithmenos.
 12375 | D:11     | Reached skill level 5 in Invocations
 12377 | D:11     | Noticed a cyclops
 12408 | D:11     | Noticed a manticore
 12408 | D:11     | Slain by a cyclops

Illustrated notes

Levels and vault maps discovered:
D:1:      minmay_arrival_checkered_box, layout_basic
D:2:      layout_basic, marbit_many_paths, lemuel_crystal_altar,
          nicolae_qazlal_style_of_elements
D:3:      layout_basic, fedhas_altar_3, old_standard_altar, first_ration,
          doesnt_xom_only_xom
D:4:      layout_loops_ring, minmay_temple_entry_grid, gammafunk_ghost_grave
D:5:      layout_basic, bloody_makhleb, uniq_pikel
D:6:      layout_basic, kennysheep_little_box, overflow_temple_1_default,
          serial_shops, nicolae_shop_trees, chequers_serial_rivers_room_a
D:7:      layout_rooms, nemelex_altar_shiori, uniq_duvessa
D:8:      layout_cave_pools, grunt_temple_overflow_order_and_chaos_1,
          kennysheep_mini, lemuel_doored_altar, lemuel_round_altar, the_bakery,
          uniq_gastronok
D:9:      layout_roguey, lair_entry_dummy, david_orc_4, minmay_shop_mass
D:10:     layout_layer_cave, basic_altar, grunt_ministairs_12,
          grunt_dithmenos_smoke_and_mirrors, uniq_erica, uniq_snorg
D:11:     layout_gridville, basic_altar
Temple:   nicolae_temple_figure_zero

Skill      XL: |  1  2  3  4  5  6  7  8  9 10 11 |
---------------+----------------------------------+-----
Ice Magic      | 5 7 8 9 10 12 13 14 | 14.7
Long Blades    | 1 |  1.0
Axes           | 2 |  2.7
Fighting       | 1 3 5 6 |  6.8
Summonings     | 2 3 |  3.0
Dodging        | 3 4 5 6 |  6.5
Armour         | 2 |  2.0
Stealth        | 2 3 4 5 |  5.0
Invocations    | 1 2 3 4 5 |  5.0
Maces & Flails | 1 2 |  2.7
Conjurations   | 3 |  3.0
Spellcasting   | 3 |  3.7

Action                   |  1- 3 |  4- 6 |  7- 9 | 10-12 || total
-------------------------+-------+-------+-------+-------++-------
Melee: Spear             |    31 |    10 |       |       ||    41
       Unarmed           |     4 |       |       |       ||     4
       Club              |     2 |       |       |       ||     2
       Falchion          |       |    21 |       |       ||    21
       War axe           |       |    63 |    29 |       ||    92
       Whip              |       |       |    94 |   113 ||   207
 Fire: Hunting sling     |    35 |       |       |       ||    35
 Cast: Freeze            |    15 |    16 |    38 |    39 ||   108
       Frozen Ramparts   |       |    11 |    18 |    16 ||    45
       Summon Ice Beast  |       |       |     4 |    18 ||    22
       Hailstorm         |       |       |     2 |    12 ||    14
Evoke: Wand              |       |       |     1 |       ||     1
  Use: Scroll            |     4 |       |     6 |     7 ||    17
       Potion            |       |       |       |     1 ||     1
 Stab: Sleeping          |     3 |     2 |     8 |     5 ||    18
       Distracted        |       |       |     1 |     1 ||     2
  Eat: Chunk             |     1 |    12 |    11 |     5 ||    29
       Ration            |       |       |       |     3 ||     3
Armor: Robe              |    12 |    25 |       |    14 ||    51
       Leather armour    |       |     3 |    36 |    17 ||    56
Dodge: Dodged            |    40 |    60 |    92 |   118 ||   310
Block: Other             |    10 |    28 |    29 |    23 ||    90
       Rpst.: Falchion   |       |     6 |       |       ||     6
